 Dungeon Crawl Stone Soup version 0.30.1-11-g7821555f0a (webtiles) character file.

Game seed: 3348096784147925104

26 Martska the Ducker (level 3, -4/29 HPs)
             Began as a Human Monk on Dec 4, 2023.
             Slain by a small abomination (8 damage)
             ... on level 1 of the Abyss.
             The game lasted 00:02:05 (462 turns).

Martska the Ducker (Human Monk)                      Turns: 462, Time: 00:02:06

Health: -4/29      AC:  3    Str: 13    XL:     3   Next: 22%
Magic:  3/3        EV: 13    Int: 10    God:
Gold:   38         SH:  0    Dex: 15    Spells: 2/2 levels left

rFire   . .          .
                       - Unarmed
rCold   . . .        (no shield)
rNeg    . . .        a - +0 robe
rPois   .            (no helmet)
rElec   .            (no cloak)
rCorr   .            d - +0 pair of gloves
SInv    .            (no boots)
Will    .....        (no amulet)
Stlth   ++           (no ring)
HPRegen 0.24/turn    (no ring)
MPRegen 0.08/turn

%: no passive effects
@: no status effects
A: no striking features
a: no special abilities


You were on level 1 of the Abyss.
You visited 1 branch of the dungeon, and saw 1 of its levels.
You visited the Abyss 1 time.

You collected 38 gold pieces.

Inventory:

Armour
 a - a +0 robe (worn)
 c - an orb of light
 d - a +0 pair of gloves (worn)
Scrolls
 e - a scroll of identify {unknown}
 f - 2 scrolls of blinking {unknown}
Potions
 b - a potion of ambrosia


   Skills:
 * Level 3.3 Fighting
 * Level 3.4 Dodging
 + Level 0.6 Stealth
 * Level 3.3 Unarmed Combat


You had 2 spell levels left.
You didn't know any spells.
Your spell library contained the following spells:

 Spells                   Type           Power      Damage    Failure   Level
 Ozocubu's Armour         Ice            0%         N/A       75%         3
 Metabolic Englaciation   Hex/Ice        0%         N/A       100%        5
 Simulacrum               Ice/Necr       0%         N/A       100%        6


Dungeon Overview and Level Annotations

Branches:
Dungeon (1/15)

Altars:


Message History

You pick up a book of Winter and begin reading...
You add the spells Ozocubu's Armour, Metabolic Englaciation and Simulacrum to your library.
Things that are here:
a +0 dagger; 4 stones You see here a +2 ring mail of cold resistance.
You now have 38 gold pieces (gained 10).
You open the door.
There is an open door here.
You open the door.
A kobold comes into view.
It is wielding a +0 dagger of distortion.
There is an open door here.
A ball python comes into view.
The kobold shouts!
The ball python hisses angrily.
The kobold misses you.
You barely miss the kobold.
The kobold hits you with a +0 dagger of distortion.
You are cast into the Abyss!
To return, you must find a gate leading back.
Killing monsters will force the Abyss to allow you passage.
This branch contains the abyssal rune of Zot.
Found a gateway leading deeper into the Abyss.
There is a gateway leading deeper into the Abyss here.
A small abomination comes into view.
An orange demon comes into view.
The small abomination misses you.
The small abomination attacks as you move away!
The small abomination barely misses you.
The small abomination attacks as you move away!
The small abomination hits you.
The small abomination attacks as you move away!
The small abomination hits you.
The small abomination attacks as you move away!
The small abomination hits you!
The small abomination attacks as you move away!
The small abomination hits you!
* * * LOW HITPOINT WARNING * * *
A thrashing horror comes into view.
The small abomination attacks as you move away!
The small abomination hits you!
You die...

.. .. ..##. # #. ....
# >. ## ...# # ..# #
#.# ... #. .
..##.#####X. # ..
.......#..#.# . #
##.....#..#..# #
...#..## #...x@...# .
# ...# ..###.#.##.#
..#..#.. # #..#.# #..
.#. ##..#..#. . #.
.####....##.#.
..#..#..... #...#..
.......... .##..##.
#..........#..#.##.#.#
##.....#.#. .....#.


You could see a thrashing horror (wandering) and a small abomination.

Vanquished Creatures
  2 ball pythons (D:1)
  3 bats (D:1)
  An endoplasm (D:1)
  3 goblins (D:1)
  2 hobgoblins (D:1)
  2 quokkas (D:1)
  7 kobolds (D:1)
  2 rats (D:1)
22 creatures vanquished.

Notes
Turn   | Place    | Note
-------+----------+-------------------------------------------
     0 | D:1      | Martska the Human Monk began the quest for the Orb.
     0 | D:1      | Reached XP level 1. HP: 18/18 MP: 1/1
   123 | D:1      | Reached XP level 2. HP: 12/24 MP: 2/2
   309 | D:1      | Reached XP level 3. HP: 29/29 MP: 3/3
   388 | Abyss:1  | Cast into level 1 of the Abyss (kobold)
   428 | Abyss:1  | Noticed a small abomination
   432 | Abyss:1  | Noticed an orange demon
   459 | Abyss:1  | Noticed a thrashing horror
   462 | Abyss:1  | Slain by a small abomination

Illustrated notes

Levels and vault maps discovered:
D:1:      onia_arrival_mini_maze_b, layout_basic
Abyss:1:  base:
Temple

Action                     || total
---------------------------++-------
  Melee: Unarmed           ||    71
         Punch             ||     2
 Armour: Robe              ||    22
  Dodge: Dodged            ||    69
